Map: Dreamcatcher LE

Players

JonSnow

  • Race: Zerg Zerg
  • Spawn Location: 5:00

cyan - Winner!

  • Race: Protoss Protoss
  • Spawn Location: 11:00

Event: WCS Austin 2018

VOD

Have the link to the VOD?

Description

Time

  • Played on: June 1, 2018, 3:05 p.m.
  • Length: 6:51

All games in this series

Show
View Real Time Build Order
Export as new Build Order

JonSnow Zerg 

Build Orders: Hatch First 

Get SALT Encoding   

  12  0:03  Drone  
  13  0:15  Overlord  
  13  0:17  Drone  
  14  0:33  Drone x2  
  16  0:49  Hatchery  
  15  0:53  Drone  
  17  0:57  Drone  
  17  1:07  Extractor  
  16  1:12  Spawning Pool  
  16  1:16  Drone  
  16  1:20  Drone  
  16  1:23  Drone  
  18  1:31  Drone  
  19  1:41  Overlord  
  19  1:52  Drone  
  20  1:59  Queen  
  22  2:02  Zergling x2  
  22  2:04  Queen  
  25  2:11  Metabolic Boost  
  25  2:18  Drone x2  
  25  2:21  Drone  
  28  2:24  Drone  
  28  2:28  Drone  
  30  2:46  Hatchery  
  30  2:50  Drone x2  
  31  2:52  Drone  
  32  3:00  Queen  
  32  3:03  Overlord  
  34  3:05  Zergling x2  
  34  3:07  Zergling x2  
  35  3:23  Drone x6  
  35  3:26  Drone x2  
  43  3:29  Evolution Chamber  
  43  3:31  Zergling x2  
  43  3:35  Zergling x2  
  43  3:40  Spore Crawler  
  43  3:45  Drone  
  44  3:51  Overlord  
  44  3:52  Overlord  
  44  3:56  Zerg Melee Weapons Level 1  
  44  3:59  Spore Crawler  
  43  4:09  Queen x2  
  47  4:10  Drone  
  47  4:11  Drone x2  
  50  4:17  Drone x2  
  50  4:18  Drone x2  
  54  4:25  Drone  
  54  4:30  Drone x4  
  56  4:32  Drone  
  56  4:39  Spore Crawler, Drone, Extractor  
  56  4:41  Extractor  
  54  4:46  Spore Crawler, Drone x2  
  54  4:48  Drone  
  54  4:49  Drone  
  57  4:54  Overlord  
  57  5:09  Overlord  
  57  5:12  Roach Warren  
  55  5:15  Spine Crawler  
  55  5:16  Overlord  
  55  5:18  Overlord  
  55  5:21  Zergling x20  
  64  5:33  Evolution Chamber  
  64  5:34  Evolution Chamber  
  62  5:36  Evolution Chamber  
  62  5:38  Zergling x12  
  67  5:44  Zergling x8  
  62  5:52  Roach x2  
  65  5:57  Zergling x2  
  65  6:00  Zergling x2  
  66  6:04  Roach  
  66  6:09  Zergling x2  
  62  6:16  Ravager  
  62  6:17  Ravager  
  60  6:20  Roach  
  60  6:24  Zergling x2  
  61  6:30  Zergling x4  
Show
View Real Time Build Order
Export as new Build Order

cyan Protoss - Winner!

Build Orders: 1 Gate Expand, Phoenix Opening 

Get SALT Encoding   

  12  0:00  Probe  
  13  0:13  Probe  
  14  0:17  Pylon  
  14  0:24  Probe  
  15  0:32  Probe  
  15  0:38  Gateway  
  15  0:40  Probe  
  16  0:47  Assimilator  
  17  0:51  Probe  
  18  1:03  Probe  
  19  1:15  Probe  
  20  1:24  Nexus  
  20  1:34  Cybernetics Core  
  20  1:38  Probe  
  21  1:45  Assimilator  
  21  1:50  Probe  
  22  1:55  Pylon  
  22  2:02  Probe  
  22  2:04  Adept  
  23  2:14  Probe  
  26  2:19  Stargate  
  26  2:22  Adept  
  26  2:26  Probe, Warp Gate  
  27  2:32  Probe  
  30  2:38  Probe  
  30  2:40  Probe  
  31  2:47  Adept  
  31  2:50  Probe x2  
  36  3:00  Phoenix  
  36  3:01  Pylon  
  36  3:03  Probe x2  
  40  3:15  Probe  
  41  3:20  Probe  
  42  3:27  Probe  
  42  3:32  Probe  
  42  3:33  Robotics Facility  
  44  3:35  Twilight Council  
  44  3:39  Probe  
  45  3:43  Gateway  
  45  3:44  Probe  
  45  3:46  Resonating Glaives  
  45  3:47  Gateway  
  46  3:54  Gateway  
  46  4:03  Pylon  
  46  4:06  Gateway  
  46  4:09  Gateway  
  46  4:11  Warp Prism  
  46  4:19  Gateway  
  48  4:28  Gateway  
  48  4:34  Pylon  
  44  4:41  Zealot x2  
  48  4:50  Zealot x2  
  52  4:54  Pylon  
  52  5:01  Observer  
  53  5:08  Pylon  
  53  5:09  Zealot x2, Pylon  
  57  5:17  Zealot  
  57  5:18  Zealot x3  
  57  5:19  Zealot  
  67  5:23  Zealot  
  69  5:39  Adept x4  
  77  5:44  Adept x2  
  77  5:47  Adept  
  79  5:51  Adept  
  81  6:04  Sentry x2  
  81  6:05  Adept x3  
  81  6:09  Adept  
  91  6:13  Pylon  
  91  6:14  Pylon  
  87  6:26  Adept x3  
  91  6:35  Adept  
  91  6:36  Adept x3  
Tags
 
Add a new tag
Caveats
  • Supply blocks, unpowered buildings, or Contaminate may cause inaccurate times.
  • Supply counts are checked every 10 seconds.